 Dungeon Crawl Stone Soup version 0.21-a0-630-g344d351 (webtiles) character file.

158 Alarkh the Chopper (level 5, 42/42 HPs)
             Began as a Demonspawn Berserker on Dec 26, 2017.
             Was a Believer of Trog.
             Got out of the dungeon alive.
             The game lasted 00:03:16 (2825 turns).

Alarkh the Chopper (Demonspawn Berserker)           Turns: 2825, Time: 00:03:17

Health: 42/42      AC:  2    Str: 17    XL:     5   Next: 16%
Magic:  5/5        EV: 17    Int: 10    God:    Trog [**....]
Gold:   112        SH:  0    Dex: 12    Spells: 4/4 levels left

rFire    . . .     SeeInvis .   a - +0 hand axe
rCold    . . .     Gourm    .   (no shield)
rNeg     . . .     Faith    .   b - +0 animal skin
rPois    .         Spirit   +   (helmet restricted)
rElec    .         Reflect  .   (no cloak)
rCorr    +         Harm     .   (no gloves)
MR       .....                  (no boots)
Stlth    +.........             (no amulet)
HPRegen  0.14/turn              j - ring of resist corrosion
MPRegen  0.09/turn              p - +4 ring of evasion

@: no status effects
A: horns 1, magic shield
a: Berserk, Trog's Hand, Burn Spellbooks, Renounce Religion


You escaped.
You worshipped Trog.
Trog was pleased with you.
You were hungry.

You visited 1 branch of the dungeon, and saw 2 of its levels.

You collected 112 gold pieces.

Inventory:

Hand Weapons
 a - a +0 hand axe (weapon)
Armour
 b - a +0 animal skin (worn)
Magical Staves
 q - a cursed staff of air
Jewellery
 j - a ring of resist corrosion (left hand)
 p - a +4 ring of evasion (right hand)
Scrolls
 d - a scroll of magic mapping {unknown}
 e - 3 scrolls of identify
 g - a scroll of enchant weapon {unknown}
 h - 3 scrolls of teleportation
 i - a scroll of fog {unknown}
 n - 3 scrolls of remove curse
 o - a scroll of amnesia {unknown}
Potions
 f - a potion of cancellation
 k - a potion of haste
 l - a potion of curing {unknown}
 m - a potion of invisibility {unknown}
 r - a potion of might {unknown}
Comestibles
 c - 4 rations


   Skills:
 + Level 3.7 Fighting
 * Level 4.0 Axes
 + Level 2.6 Armour
 + Level 2.6 Dodging


You had 4 spell levels left.
You didn't know any spells.

Dungeon Overview and Level Annotations

Branches:
Dungeon (2/15)

Altars:


Innate Abilities, Weirdness & Mutations

You have a pair of small horns on your head.
When hurt, damage is shared between your health and your magic reserves.


Message History

Your Axes skill increases to level 4!
You have reached level 5!
Your demonic ancestry asserts itself...
You feel your magical essence form a protective shroud around your flesh.
Remembered map restored.
All of the chunks of flesh in your inventory have rotted away.
You are feeling hungry.
There is a stone staircase leading up here.
You climb upwards.
There is a stone staircase leading down here.
Unknown command.
There is an open door here.
HP restored.
There is an open door here.
You see here a hunting sling.
There is an open door here.
There is a large open door here.
There is a staircase leading out of the dungeon here.
Are you sure you want to leave the Dungeon?
This will make you lose the game!
You have escaped!

## #####...##.# #.# #.# ##
# ##.##.###.#.###.# #.# #
# #.....# #.#.##..# #.# #
## ##.##.###.#.##.####.#
## .##
#.###..)##.........######.
..# #.#
######................ .##
#.# #.##.###.#.#####.
########.# #############
#### .........#
#@######.P.####.##
##########
#.#P.P#.≈.≈.##.≈.# #
#≈..≈..≈≈≈≈≈..≈≈≈. #
#≈.≈≈≈≈≈≈≈≈≈≈≈≈≈≈≈ #
#≈≈≈≈≈≈≈≈≈≈≈≈≈≈≈≈≈ #
#≈≈≈≈≈≈≈≈≈P≈≈≈≈≈P≈ #
#≈≈≈≈≈≈PPP≈≈≈≈P≈P. #
#P≈P≈≈PP≈≈≈P≈≈≈P.≈ #####
##################


There were no monsters in sight!

Vanquished Creatures
  Jessica (D:2)
  Natasha (thrice) (D:2)
  An adder (D:2)
  2 oozes
  2 dart slugs (D:2)
  3 leopard geckos
  6 giant cockroaches
  3 goblins
  4 hobgoblins
  A quokka (D:2)
  A ball python (D:1)
  3 bats (D:2)
  2 frilled lizards
  A kobold (D:1)
  4 rats (D:1)
37 creatures vanquished.

Notes
Turn   | Place    | Note
-------+----------+-------------------------------------------
     0 | D:1      | Alarkh the Demonspawn Berserker began the quest for the Orb.
     0 | D:1      | Reached XP level 1. HP: 18/18 MP: 1/1
   206 | D:1      | Gained mutation: You have a pair of small horns on your head. [demonic ancestry]
   206 | D:1      | Reached XP level 2. HP: 19/24 MP: 2/2
   441 | D:1      | Reached skill level 3 in Axes
  1394 | D:2      | Reached XP level 3. HP: 29/29 MP: 3/3
  1849 | D:2      | Noticed Jessica
  1871 | D:2      | Killed Jessica
  1871 | D:2      | Reached ** piety under Trog
  1871 | D:2      | Reached XP level 4. HP: 8/35 MP: 4/4
  2179 | D:2      | Noticed Natasha
  2186 | D:2      | Killed Natasha
  2386 | D:2      | Noticed Natasha
  2392 | D:2      | Killed Natasha
  2560 | D:2      | Noticed Natasha
  2568 | D:2      | Killed Natasha
  2568 | D:2      | Reached skill level 4 in Axes
  2568 | D:2      | Gained mutation: When hurt, damage is shared between your health and your magic reserves. [demonic ancestry]
  2568 | D:2      | Reached XP level 5. HP: 21/42 MP: 5/5
  2825 | D:$      | Got out of the dungeon alive.

Vault maps used:
D:1:      lightli_arrival_windingriver, wad_floor_pattern_untrapped,
          nrook_loot_triangle
D:2:      minmay_pentomino_v2, uniq_natasha, uniq_jessica

Skill      XL: |  1  2  3  4 |
---------------+-------------+-----
Axes           | 3 4 |  4.0
Armour         | 2 |  2.6
Dodging        | 2 |  2.6
Fighting       | |  3.7

Action                   |  1- 3 |  4- 6 || total
-------------------------+-------+-------++-------
Melee: Hand axe          |    84 |    24 ||   108
       Headbutt          |     9 |     8 ||    17
Invok: Berserk           |       |     2 ||     2
  Use: Scroll            |     4 |       ||     4
       Potion            |     1 |       ||     1
 Stab: Sleeping          |     4 |       ||     4
  Eat: Chunk             |     3 |     4 ||     7
Armor: Animal skin       |    12 |     1 ||    13
Dodge: Dodged            |    79 |    15 ||    94

Table legend:
 A = Spawn XP
 B = Non-spawn XP
 C = Spawn XP percentage of total XP
 D = Spawn monster count
 E = Non-spawn monster count
 F = Spawn count percentage of total count
 G = Total turns spent on level
                    A         B        C        D         E        F      G
               +---------+---------+-------+---------+---------+-------+---------
         Total |       0 |     227 |   0.0 |       0 |      37 |   0.0 |  2825
               +---------+---------+-------+---------+---------+-------+---------
           D:1 |       0 |      30 |   0.0 |       0 |      16 |   0.0 |  1435
           D:2 |       0 |     197 |   0.0 |       0 |      21 |   0.0 |  1390
               +---------+---------+-------+---------+---------+-------+---------
